 Dungeon Crawl Stone Soup version 0.25-a0-861-g340c9e8194 (webtiles) character file.

Game seed: 9708007977993807775, levelgen mode: classic

1538 EnegeticOcto the Chopper (level 8, -4/76 HPs)
             Began as a Deep Dwarf Fighter on Apr 29, 2020.
             Was an Initiate of Makhleb.
             Slain by a wight
             ... wielding a +3 halberd
              (5 damage)
             ... on level 7 of the Dungeon.
             The game lasted 00:03:00 (3643 turns).

EnegeticOcto the Chopper (Deep Dwarf Fighter)       Turns: 3643, Time: 00:03:01

Health: -4/76      AC: 10    Str: 22    XL:     8   Next: 56%
Magic:  7/8        EV:  7    Int:  9    God:    Makhleb [......]
Gold:   306        SH:  9    Dex: 12    Spells: 7/7 levels left

rFire    . . .     SeeInvis .   a - +1 war axe
rCold    . . .     Gourm    .   c - +0 kite shield
rNeg     . . .     Faith    +   b - +0 scale mail
rPois    .         Spirit   .   f - +1 helmet
rElec    .         Reflect  .   (no cloak)
rCorr    .         Harm     .   (no gloves)
MR       +....                  q - +0 pair of boots
Stlth    ..........             d - amulet of faith
HPRegen  0.00/turn              (no ring)
MPRegen  0.11/turn              (no ring)

@: non-regenerating, heavily drained
A: damage resistance, heal wounds, sense surroundings 1, no regeneration
a: Heal Wounds, Renounce Religion


You were on level 7 of the Dungeon.
You worshipped Makhleb.
Makhleb was noncommittal.
You were not hungry.

You visited 2 branches of the dungeon, and saw 8 of its levels.
You also visited: Sewer.

You collected 306 gold pieces.

Inventory:

Hand Weapons
 a - a +1 war axe (weapon)
Missiles
 l - a throwing net (quivered)
Armour
 b - a +0 scale mail (worn)
 c - a +0 kite shield (worn)
 f - a +1 helmet (worn)
 q - a +0 pair of boots (worn)
Jewellery
 d - an amulet of faith (around neck)
Wands
 r - a wand of digging (8) {@v2}
Scrolls
 i - a scroll of immolation {@r4}
 j - a scroll of enchant weapon
 s - 3 scrolls of enchant armour
 u - a scroll of random uselessness {unknown}
 w - a scroll of holy word {unknown}
 x - a scroll of identify {@r1}
 y - a scroll of blinking {@r3}
Potions
 g - 3 potions of curing {@q1}
 h - 4 potions of flight
 k - 2 potions of might {@q3}
 m - 2 potions of stabbing {unknown}
 n - a potion of haste {@q4}
 o - 4 potions of heal wounds {unknown}
 p - 4 potions of brilliance {unknown}
 t - a potion of invisibility {unknown}
 v - a potion of ambrosia {unknown}
Comestibles
 e - 9 rations


   Skills:
 * Level 6.1(4.4) Fighting
 * Level 7.0(5.2) Axes
 + Level 5.7(3.9) Armour
 + Level 5.6(3.9) Shields
 * Level 2.7(1.1) Invocations


You had 7 spell levels left.
You didn't know any spells.
Your spell library was empty.

Dungeon Overview and Level Annotations

Branches:
Dungeon (7/15)             Temple (1/1) D:6           Sewer (visited)

Altars:
Ashenzari
Cheibriados
Elyvilon
Gozag
Kikubaaqudgha
Makhleb
Nemelex Xobeh
Okawaru
Ru
Sif Muna
Vehumet
Wu Jian
Xom
Zin
The Shining One

Shops:
D:6 *


Innate Abilities, Weirdness & Mutations

You are resistant to damage.
You can heal yourself by infusing magical energy.
You passively map a small area around you.
You do not regenerate.


Message History

You block the centaur's attack. The wight hits you but does no damage.
The worker ant bites you but does no damage.
The centaur barely misses you. The wight hits you but does no damage.
The wight barely misses you.
You feel much better. Something hits you but does no damage.
The worker ant bites you. You block the centaur's attack.
The wight barely misses you. Something hits you!
The wight hits you with a +2 falchion.
The worker ant waves its antennae.
You block the worker ant's attack. The wight hits you but does no damage.
The centaur hits you but does no damage.
You hit the worker ant but do no damage.
The worker ant is severely wounded.
You hit the wight. You barely miss the centaur. You closely miss the wight.
You barely miss something. Something hits you. The centaur barely misses you.
You block the wight's attack. The worker ant barely misses you.
The wight hits you but does no damage. x2
You barely miss the worker ant.
The worker ant is severely wounded.
You closely miss the wight. You hit the centaur but do no damage.
You barely miss the wight. You block the centaur's attack.
The worker ant bites you but does no damage.
You block the wight's attack. The centaur hits you.
The wight hits you but does no damage. Something hits you.
The wight barely misses you. The worker ant bites you.
You hit the worker ant.
You kill the worker ant!
Makhleb accepts your kill.
Your base Invocations skill increases to level 2!
You closely miss the wight. You hit the centaur but do no damage.
You hit the wight but do no damage. You miss something. Something hits you.
The centaur hits you! You block the wight's attack.
The wight hits you with a +2 falchion.
You feel drained. The centaur hits you.
You block the bullfrog skeleton's attack.
The wight barely misses you.
You hit the bullfrog skeleton.
The bullfrog skeleton is moderately damaged.
You hit something but do no damage. You hit the wight but do no damage.
You hit the centaur. You hit the wight but do no damage. Something hits you.
Something hits you but does no damage. The centaur hits you.
The wight hits you with a +3 morningstar!
* * * LOW HITPOINT WARNING * * *
You feel drained. The wight hits you with a +2 falchion.
* * * LOW HITPOINT WARNING * * *
You feel drained.
The bullfrog skeleton barely misses you.
The centaur hits you!
* * * LOW HITPOINT WARNING * * *
Something hits you.
* * * LOW HITPOINT WARNING * * *
The wight closely misses you.
You block the bullfrog skeleton's attack.
You block the worker ant zombie's attack.
You block the wight's attack. The wight hits you but does no damage.
The centaur hits you but does no damage.
You slash the bullfrog skeleton!
The bullfrog skeleton is almost destroyed.
You hit the wight but do no damage.
Your scale mail prevents you from hitting the centaur.
Your shield prevents you from hitting the wight.
You hit the worker ant zombie. You miss something.
Something completely misses you.
The centaur hits you but does no damage.
The bullfrog skeleton hits you but does no damage.
The wight barely misses you.
You block the worker ant zombie's attack.
You block the wight's attack. x2
The centaur hits you but does no damage.
You hit the bullfrog skeleton.
You destroy the bullfrog skeleton!
Makhleb accepts your kill.
You hit something but do no damage. You slash the worker ant zombie!
You closely miss the wight. You slash the centaur!
You kill the centaur!
Makhleb accepts your kill.
Your base Axes skill increases to level 7!
You hit the wight.
You destroy the wight!
Makhleb accepts your kill. Something hits you but does no damage.
Something hits you.
* * * LOW HITPOINT WARNING * * *
The wight completely misses you. The worker ant zombie bites you.
* * * LOW HITPOINT WARNING * * *
Something hits you but does no damage. The wight hits you with a +2 falchion.
The quokka skeleton bites you but does no damage.
Something hits you.
* * * LOW HITPOINT WARNING * * *
The wight hits you with a +3 halberd.
* * * LOW HITPOINT WARNING * * *
You feel drained.
Found a pink potion.
Things that are here:
a worker ant corpse; a bullfrog corpse Something hits you but does no damage.
The wight hits you with a +3 halberd.
You feel drained.
Found a ration and 8 gold pieces.
Something hits you.
* * * LOW HITPOINT WARNING * * *
The wight hits you from afar with a +3 halberd!
You die...

* *#.#####...#.. *
#..(....#...# * ,
#<........# * * ####
,#.....#.... * #$..
#.)(.(.....
#.#...####()..#####.
,,
.%......zzZZ.......,
.#...#...#...#... *
..# #@..#"#...#.# *
#...#...#...#..,
,................
*,#...#...#...#... *
..#)#...#!#...#.# ,
....# ..#...#... ,,
, , .#... .........
, , #.#. , ...#... *
, , ,


You could see 2 wights, a worker ant zombie and a quokka skeleton.

Vanquished Creatures
  2 phantoms (D:4)
  An ogre (D:4)
  3 centaurs
  A bullfrog (D:7)
  3 big kobolds (Sewer)
  A scorpion (D:3)
  A wight (D:7)
  A howler monkey (D:4)
  4 iguanas
  A bullfrog skeleton (D:7)
  5 worker ants
  3 orc wizards
  A hound skeleton (D:5)
  11 adders
  8 river rats
  A shadow imp (D:6)
  An ooze (Sewer)
  2 adder skeletons
  A worm (D:3)
  2 dart slugs
  A leopard gecko (D:4)
  12 orcs
  4 giant cockroaches
  6 goblins
  6 hobgoblins
  2 jackals (D:3)
  15 kobolds
  2 quokkas (D:7)
  6 ball pythons
  4 bats
  4 frilled lizards
  A jackal skeleton (D:4)
  A quokka skeleton (D:6)
  21 rats
138 creatures vanquished.

Notes
Turn   | Place    | Note
-------+----------+-------------------------------------------
     0 | D:1      | EnegeticOcto the Deep Dwarf Fighter began the quest for the
                  | Orb.
     0 | D:1      | Reached XP level 1. HP: 20/20 MP: 1/1
   194 | D:2      | Reached XP level 2. HP: 22/27 MP: 2/2
   227 | D:3      | Found a glowing silver altar of Zin.
   248 | D:3      | Reached XP level 3. HP: 23/34 MP: 3/3
   371 | D:3      | Reached skill level 3 in Axes
   515 | D:3      | Noticed a scorpion
   529 | D:3      | Killed a scorpion
   529 | D:3      | Reached XP level 4. HP: 37/43 MP: 3/3
   551 | D:3      | Found a glowing drain.
   560 | Sewer    | Entered a sewer
   572 | Sewer    | Reached XP level 5. HP: 32/50 MP: 4/4
   687 | Sewer    | Reached skill level 4 in Axes
   761 | Sewer    | Reached XP level 6. HP: 32/57 MP: 5/5
  1477 | D:4      | Reached skill level 5 in Axes
  1482 | D:4      | Reached XP level 7. HP: 35/66 MP: 6/6
  1646 | D:4      | Reached skill level 5 in Fighting
  1649 | D:4      | Reached skill level 5 in Shields
  1756 | D:4      | Reached skill level 6 in Axes
  1756 | D:4      | Reached skill level 5 in Armour
  1805 | D:4      | Found a sparkling altar of Nemelex Xobeh.
  1806 | D:4      | Found a glowing golden altar of the Shining One.
  1806 | D:4      | Found a snail-covered altar of Cheibriados.
  1808 | D:4      | Found a shimmering blue altar of Sif Muna.
  1811 | D:4      | Found a radiant altar of Vehumet.
  2012 | D:5      | Entered Level 5 of the Dungeon
  2360 | D:5      | Reached XP level 8. HP: 53/75 MP: 6/6
  2757 | D:5      | Found a sand-covered staircase.
  3064 | D:6      | Found Xotzeshuvor's Assorted Antiques.
  3360 | D:6      | Found a staircase to the Ecumenical Temple.
  3419 | Temple   | Entered the Ecumenical Temple
  3543 | Temple   | Became a worshipper of Makhleb the Destroyer
  3624 | D:7      | Reached skill level 1 in Invocations
  3640 | D:7      | Reached skill level 7 in Axes
  3643 | D:7      | HP: 1/76 [something (3)]
  3643 | D:7      | Slain by a wight

Levels and vault maps discovered:
D:1:      minmay_arrival_four_circles, layout_basic, st_stairs_10,
          kennysheep_flooded_box, chequers_serial_rivers_large_a,
          minmay_tetromino_s4
D:2:      layout_rooms, nicolae_overflow_hidden_temple, item_on_display_a
D:3:      layout_loops_ring, lemuel_crystal_altar, portal_sewer_entry_b
D:4:      layout_basic, minitemple, first_ration, dk_vineyard_3
D:5:      layout_basic, nicolae_ossuary_entry_ruins
D:6:      layout_rooms, temple_doors_cd, serial_shops, shop
D:7:      cheibrodos_fzero, layout_basic, grunt_qazlal_clouds, basic_altar
Temple:   nicolae_temple_figure_eight

Skill      XL: |  1  2  3  4  5  6  7  8 |
---------------+-------------------------+-----
Fighting       | 3 4 5 6 |  6.1
Axes           | 3 4 5 6 7 |  7.0
Armour         | 4 5 |  5.7
Shields        | 4 5 |  5.6
Invocations    | 2 |  2.7

Action                   |  1- 3 |  4- 6 |  7- 9 || total
-------------------------+-------+-------+-------++-------
Melee: War axe           |   131 |   156 |   166 ||   453
 Abil: Heal Wounds       |     1 |     5 |     9 ||    15
  Use: Scroll            |       |     8 |     1 ||     9
  Eat: Chunk             |       |     3 |     7 ||    10
Armor: Scale mail        |    54 |   105 |   111 ||   270
Dodge: Dodged            |    39 |    65 |    63 ||   167
Block: Kite shield       |    79 |   111 |   116 ||   306

Table legend:
 A = Non-vault XP
 B = Vault XP
 C = Vault XP percentage of total XP
 D = Non-vault monster count
 E = Vault monster count
 F = Vault count percentage of total count
                 A         B        C        D         E       F
            +---------+---------+-------+---------+---------+-------
      Total |    1196 |    1002 |  45.6 |      71 |      67 |  48.6
            +---------+---------+-------+---------+---------+-------
        D:1 |       4 |       3 |  42.9 |       2 |       2 |  50.0
        D:2 |      24 |       0 |   0.0 |       5 |       0 |   0.0
        D:3 |     137 |      33 |  19.4 |      25 |       6 |  19.4
        D:4 |     639 |       0 |   0.0 |      21 |       0 |   0.0
        D:5 |     188 |       0 |   0.0 |       6 |       0 |   0.0
        D:6 |     146 |       0 |   0.0 |      10 |       0 |   0.0
        D:7 |      58 |     510 |  89.8 |       2 |      11 |  84.6
      Sewer |       0 |     456 | 100.0 |       0 |      48 | 100.0
            +---------+---------+-------+---------+---------+-------
